 Dungeon Crawl Stone Soup version 0.31-a0-1236-gaa9e43cceb (webtiles) character file.

Game seed: 10356791194767219472

144 Bnni the Shooter (level 5, -2/24 (27) HPs)
             Began as a Spriggan Hunter on Dec 15, 2023.
             Slain by a hell rat (3 damage)
             ... in a sewer.
             The game lasted 00:02:51 (1727 turns).

Bnni the Shooter (Spriggan Hunter)                  Turns: 1727, Time: 00:02:52

HP:   -2/24 (27)    AC:  2    Str:  7    XL:     5   Next: 5%
MP:   6/6           EV: 19    Int: 10    God:
Gold: 86            SH:  0    Dex: 21    Spells: 4/4 levels left

rFire   . . .        a - +0 shortbow
rCold   . . .        (shield currently unavailable)
rNeg    . . .        c - +0 robe
rPois   .            (helmet restricted)
rElec   .            (no cloak)
rCorr   .            (gloves unavailable)
SInv    +            (boots unavailable)
Will    .....        (no amulet)
Stlth   ++           (no ring)
HPRegen 0.24/turn    (no ring)
MPRegen 0.10/turn

%: no passive effects
@: heavily drained, very quick
A: very small, no large weapons, unfitting armour, see invisible, speed 3
a: no special abilities


You were in a sewer.
You visited 1 branch of the dungeon, and saw 3 of its levels.
You also visited: Sewer.

You collected 142 gold pieces.
You spent 56 gold pieces at shops.

Inventory:

Hand Weapons
 a - a +0 shortbow (weapon)
 j - a +0 double sword
Armour
 c - a +0 robe (worn)
Scrolls
 b - a scroll of butterflies
 i - a scroll of enchant armour
 k - a scroll of summoning {unknown}
Potions
 e - a potion of lignification
 f - 2 potions of curing
 g - a potion of might


   Skills:
 + Level 2.5 Fighting
 * Level 5.3 Ranged Weapons
 + Level 4.1 Dodging
 - Level 1.5 Stealth


You had 4 spell levels left.
You didn't know any spells.
Your spell library contained the following spells:

 Spells                   Type           Power      Damage    Failure   Level
 Magic Dart               Conj           0%         1d3       36%         1
 Call Imp                 Summ           0%         N/A       50%         2
 Mephitic Cloud           Conj/Pois/Air  0%         N/A       75%         3
 Manifold Assault         Tloc           0%         N/A       98%         4
 Dispersal                Tloc           0%         N/A       100%        6
 Disjunction              Tloc           0%         N/A       100%        8


Dungeon Overview and Level Annotations

Branches:
Dungeon (3/15)              Sewer (1/1)

Altars:

Shops:
D:2 *


Innate Abilities, Weirdness & Mutations

You are very small and have problems with some larger weapons.
You are too small for most types of armour.
You have supernaturally acute eyesight. (SInv)
You cover ground extremely quickly. (Speed+++)


Message History

The throwing net barely misses the hell rat.
The hell rat closely misses you.
Unknown command.
You shoot an arrow. The arrow closely misses the hell rat.
The hell rat misses you.
You shoot an arrow. The arrow hits the hell rat.
The hell rat is moderately wounded.
The hell rat closely misses you.
You shoot an arrow.
The arrow hits the hell rat but does no damage.
The hell rat is moderately wounded.
The hell rat misses you. x2
You shoot an arrow.
The arrow hits the hell rat but does no damage.
The hell rat is moderately wounded.
The hell rat barely misses you.
You shoot an arrow.
The arrow hits the hell rat but does no damage.
The hell rat is moderately wounded.
The hell rat closely misses you.
You shoot an arrow.
The arrow completely misses the hell rat.
The hell rat bites you!
You feel drained. The hell rat barely misses you.
You are too injured to fight recklessly!
Fire: a) +0 shortbow
Press: ? - help, Shift-Dir - straight line, f/p - hell rat
Aim: a hell rat (moderately wounded, 65% to hit)
You shoot an arrow.
The arrow hits the hell rat but does no damage.
The hell rat is moderately wounded.
The hell rat splashes around in the water.
Fire: a) +0 shortbow
Press: ? - help, Shift-Dir - straight line, f/p - hell rat
Aim: a hell rat (moderately wounded, 65% to hit)
You shoot an arrow. The arrow hits the hell rat!
The hell rat is almost dead.
The hell rat bites you!
* * * LOW HITPOINT WARNING * * *
You feel drained.
You die...

#####
###...###
#~~.~~..#
##.~..~~~##
#..~###~~.#
##.~## ##~~##
#.~.# .~#~~~#
#.~##~~$##~.#
#@r#.~~(!#~.#
#~~'~~~?∩#∩∩#
#.~#~~~)?#.†#
#.~##~.!##~~#
#... .~.#~..#
##~.# ~##~.##
#.~~ #.†.#
##~~~ †.~#
.~~...~


You could see a hell rat.

Vanquished Creatures
  4 gnolls (D:2)
  4 adders (D:2)
  2 river rats (Sewer)
  A worm (D:2)
  A dart slug (D:1)
  2 endoplasms (D:2)
  3 giant cockroaches (D:3)
  5 goblins
  6 hobgoblins
  2 jackals (D:2)
  2 quokkas
  2 ball pythons (D:1)
  5 bats
  A frilled lizard (D:2)
  5 kobolds
  5 rats
50 creatures vanquished.

Notes
Turn   | Place    | Note
-------+----------+-------------------------------------------
     0 | D:1      | Bnni the Spriggan Hunter began the quest for the Orb.
     0 | D:1      | Reached XP level 1. HP: 10/10 MP: 2/2
   112 | D:1      | Found a faded altar of an unknown god.
   333 | D:1      | Reached XP level 2. HP: 15/15 MP: 3/3
   972 | D:2      | Found Ragri's General Store.
  1059 | D:2      | Reached XP level 3. HP: 18/18 MP: 4/4
  1244 | D:2      | Reached XP level 4. HP: 23/23 MP: 5/5
  1258 | D:2      | Reached skill level 5 in Ranged Weapons
  1451 | D:2      | Bought a scroll of identify for 28 gold pieces
  1451 | D:2      | Bought a scroll of identify for 28 gold pieces
  1635 | D:3      | Found a glowing drain.
  1652 | Sewer    | Entered a sewer
  1697 | Sewer    | Reached XP level 5. HP: 27/27 MP: 6/6
  1727 | Sewer    | HP: 1/26 [hell rat (12)]
  1727 | Sewer    | Slain by a hell rat

Illustrated notes

Levels and vault maps discovered:
D:1:      dpeg_arrival_boxes_within_box, layout_basic,
          shapermc_ecumenical_altar_notcrosses, chequers_serial_rivers_small_a,
          minmay_misc_feat_more_columns, minivault_11,
          chequers_serial_rivers_room_b
D:2:      layout_rooms, serial_shops, nicolae_shop_tiny_waterfront
D:3:      corexii_shack_village, layout_basic, slow_altar_2, zin_treasury,
          nicolae_ru_path_of_blood, gammafunk_temple_overflow_elements,
          pdpol_wu_jian_five_deadly_venoms, gup_sewer_entry_pipe
Sewer:    sewer_hellmonk_bad_rat

Skill      XL: |  1  2  3  4 |
---------------+-------------+-----
Dodging        | 3 4 |  4.1
Fighting       | 2 |  2.5
Ranged Weapons | 5 |  5.3
Stealth        | |  1.5

Action                     |  1- 3 |  4- 6 || total
---------------------------+-------+-------++-------
   Fire: Shortbow          |    79 |    91 ||   170
  Throw: Throwing net      |       |     1 ||     1
    Use: Scroll            |       |     5 ||     5
 Armour: Robe              |     8 |     8 ||    16
  Dodge: Dodged            |    10 |    52 ||    62

Table legend: (Time is in decaauts)
 A = Elapsed time spent in this place.
 B = Non-inter-level travel time spent in this place.
 C = Inter-level travel time spent in this place.
 D = Time resting spent in this place.
 E = Time spent auto-exploring this place.
 F = Levels seen in this place.
 G = Mean time per level.
                   A        B        C        D        E       F      G
               +--------+--------+--------+--------+--------+-----+--------+
         Total |   1219 |   1166 |     53 |     70 |    777 |   4 |  304.8 |
       Dungeon |   1142 |   1089 |     53 |     68 |    740 |   3 |  380.7 |
         Sewer |     77 |     77 |      0 |      2 |     36 |   1 |   77.0 |
               +--------+--------+--------+--------+--------+-----+--------+

Top non-repeatable levels by time:
     D:1: 705 daAuts
     D:2: 376 daAuts
   Sewer: 77 daAuts
     D:3: 61 daAuts
